 Dungeon Crawl Stone Soup version 0.30.0-18-gf1372a6a44 (webtiles) character file.

Game seed: 14403832106738778347

46 qw the Chopper (level 3, -3/23 HPs)
             Began as a Gargoyle Fighter on May 23, 2023.
             Slain by a goblin
             ... wielding a +0 dagger
             ... led by Robin
              (5 damage)
             ... on level 2 of the Dungeon.
             The game lasted 00:00:33 (1086 turns).

qw the Chopper (Gargoyle Fighter)                   Turns: 1086, Time: 00:00:33

Health: -3/23      AC: 11    Str: 21    XL:     3   Next: 66%
Magic:  3/3        EV:  9    Int:  8    God:
Gold:   82         SH:  4    Dex:  9    Spells: 2/2 levels left

rFire   . . .        Y - +0 war axe
rCold   . . .        c - +0 buckler
rNeg    + . .        b - +0 scale mail
rPois   inf          e - +0 helmet
rElec   +            (no cloak)
rCorr   .            (no gloves)
SInv    .            (no boots)
Will    .....        (no amulet) Stlth
                     (no ring)
HPRegen 0.23/turn    (no ring)
MPRegen 0.08/turn

%: no passive effects
@: about to teleport
A: sickness immunity, AC +3, negative energy resistance 1, electricity
resistance, torment resistance 1, petrification resistance
a: no special abilities


You were on level 2 of the Dungeon.
You visited 1 branch of the dungeon, and saw 2 of its levels.

You collected 82 gold pieces.


Innate Abilities, Weirdness & Mutations

You are immune to sickness and miasma.
Your stone body is resilient. (AC +3)
You are immune to poison.
You resist negative energy. (rN+)
You are resistant to electric shocks. (rElec)
You are resistant to unholy torment.
You are immune to petrification.


   Skills:
 - Level 3.2 Fighting
 + Level 3.5 Axes
 - Level 3.2 Armour
 - Level 3.2 Shields


You had 2 spell levels left.
You didn't know any spells.
Your spell library was empty.

Inventory:

Hand Weapons
 h - a +0 whip
 Y - a +0 war axe (weapon)
Armour
 b - a +0 scale mail (worn)
 c - a +0 buckler (worn)
 e - a +0 helmet (worn)
Potions
 a - a potion of brilliance {unknown}
 d - 2 potions of might
 f - a potion of resistance {unknown}
 g - a potion of degeneration {unknown}
 j - a potion of curing {unknown}

Dungeon Overview and Level Annotations

Branches:
Dungeon (2/15)

Altars:
Vehumet

Annotations:
D:2 Robin


Message History

You closely miss the kobold.
The goblin shouts!
You hit the goblin but do no damage.
The kobold hits you with a +1 short sword of protection.
Robin roars a battlecry!
The goblins go into a battle-frenzy!
You hear an angry hiss.
You hear a shout!
You barely miss the goblin. You barely miss the hobgoblin.
You barely miss the kobold. You hit the goblin but do no damage.
The goblin hits you but does no damage. The kobold hits you but does no damage.
The hobgoblin hits you. Robin throws the goblin at you!
The goblin barely misses you. The goblin hits you but does no damage.
The goblin misses you. The kobold hits you but does no damage.
The hobgoblin closely misses you.
The goblin unwields a +0 sling.
The goblin wields a +0 dagger.
The goblin hits you but does no damage.
You barely miss the goblin. x2; You hit the hobgoblin but do no damage.
You barely miss the goblin. You barely miss the kobold.
You barely miss the goblin.
A ball python comes into view.
The goblin barely misses you. You block the goblin's attack.
The hobgoblin closely misses you. The goblin barely misses you.
The kobold hits you with a +1 short sword of protection.
A goblin comes into view. It is wielding a +0 vampiric dagger.
The goblin barely misses you.
You hit the goblin.
The goblin is heavily wounded.
You hit the goblin but do no damage. You hit the kobold but do no damage.
You hit the goblin but do no damage. You closely miss the goblin.
You hit the hobgoblin. The goblin hits you but does no damage.
The kobold closely misses you. The hobgoblin hits you.
The goblin hits you but does no damage. x5
The goblin barely misses you.
The hobgoblin hits you but does no damage.
A goblin comes into view. It is wielding a +0 dagger.
The kobold hits you but does no damage.
1086 ||| READING scroll of teleportation.
As you read the scroll of teleportation, it crumbles to dust.
You feel strangely unstable. The goblin hits you but does no damage.
The goblin hits you with a +0 dagger.
You die...

##............## .##...#...
#..........##.. .##.#.###.
#..........##.# ..#.....
#.........###.## .........
#.........##...####........
#.<......)#.....## .......
#.##.###.......... .......
#..##.# #.#g......# .......
#.###.# #.g@g...... .......
.. #.# #.gKgg....> ?....##
##. #.#$..gg..._... .......
.......S....... ?.....#
#.............. ..###
#.###g#........ . . .#
g.......... .. #...........


You could see Robin, a hobgoblin (strong), 8 goblins, a ball python and a
kobold.

Vanquished Creatures
  An adder (D:2)
  2 worms (D:2)
  3 ball pythons
  4 bats
  4 endoplasms (D:1)
  5 goblins
  A hobgoblin (D:2)
  3 jackals (D:2)
  4 frilled lizards
  4 rats
31 creatures vanquished.

Notes
Turn   | Place    | Note
-------+----------+-------------------------------------------
     0 | D:1      | qw the Gargoyle Fighter began the quest for the Orb.
     0 | D:1      | Reached XP level 1. HP: 14/14 MP: 1/1
     0 | D:1      | 0 ||| qw: Version: 0.2-a-98-g5d7165a
     0 | D:1      | 0 ||| qw: Game counter: 3
     0 | D:1      | 0 ||| qw: Always use a shield: true
     0 | D:1      | 0 ||| qw: God list: Okawaru
     0 | D:1      | 0 ||| qw: Allow faded altars: false
     0 | D:1      | 0 ||| qw: Do Orc after D:15 true
     0 | D:1      | 0 ||| qw: Do second Lair branch before Depths: true
     0 | D:1      | 0 ||| qw: Lair rune preference: random
     0 | D:1      | 0 ||| qw: Plans: Normal, Zot:1-4, God:TSO, Crypt, Tomb,
                  | Pan, Slime:5, Hells, Abyss, Win
     0 | D:1      | 0 ||| PLANNING D:1-11
   204 | D:1      | Reached XP level 2. HP: 19/19 MP: 2/2
   745 | D:1      | 745 ||| UPGRADING to +0 helmet.
   750 | D:1      | 750 ||| READING scroll labelled QEUTIV ELIYC.
   751 | D:1      | 751 ||| READING scroll labelled BODONETOMY.
   752 | D:1      | 752 ||| READING scroll labelled EMUIKK USTRE.
   755 | D:1      | 755 ||| DRINKING 2 viscous dark potions.
   756 | D:1      | 756 ||| DROPPING potion of invisibility.
   848 | D:2      | Reached skill level 3 in Axes
   850 | D:2      | Reached XP level 3. HP: 9/23 MP: 3/3
   927 | D:2      | 927 ||| DROPPING +0 club.
  1041 | D:2      | Found a radiant altar of Vehumet.
  1044 | D:2      | 1044 ||| Stepping ~*~*~tactically~*~*~ (stealth).
  1045 | D:2      | 1045 ||| Stepping ~*~*~tactically~*~*~ (stealth).
  1051 | D:2      | 1051 ||| Stepping ~*~*~tactically~*~*~ (stealth).
  1073 | D:2      | 1073 ||| Stepping ~*~*~tactically~*~*~ (stealth).
  1079 | D:2      | Noticed Robin
  1085 | D:2      | HP: 2/23 [hobgoblin[Robin] (6)]
  1086 | D:2      | 1086 ||| READING scroll of teleportation.
  1086 | D:2      | Slain by a goblin

Levels and vault maps discovered:
D:1:      nzn_arrival_water_spiral, layout_basic
D:2:      layout_rooms, basic_altar, minmay_pentomino_pile, uniq_robin

Skill      XL: |  1  2 |
---------------+-------+-----
Axes           | 2 3 |  3.5
Fighting       | |  3.2
Armour         | |  3.2
Shields        | |  3.2

Action                     || total
---------------------------++-------
  Melee: War axe           ||    73
    Use: Scroll            ||     4
         Potion            ||     1
 Armour: Scale mail        ||    46
  Dodge: Dodged            ||    38
  Block: Buckler           ||     5

Table legend:
 A = Non-vault XP
 B = Vault XP
 C = Vault XP percentage of total XP
 D = Non-vault monster count
 E = Vault monster count
 F = Vault count percentage of total count
                 A         B        C        D         E       F
            +---------+---------+-------+---------+---------+-------
      Total |      63 |       3 |   4.5 |      29 |       2 |   6.5
            +---------+---------+-------+---------+---------+-------
        D:1 |      25 |       0 |   0.0 |      16 |       0 |   0.0
        D:2 |      38 |       3 |   7.3 |      13 |       2 |  13.3
            +---------+---------+-------+---------+---------+-------
